 Dungeon Crawl Stone Soup version 0.32-a0-411-g744942f433 (webtiles) character file.

Game seed: 18403097801489839077

110 ezpacito the Trooper (level 4, -3/35 HPs)
             Began as a Demonspawn Chaos Knight on Feb 20, 2024.
             Was a Plaything of Xom.
             Killed by divine providence
             ... invoked by an orc priest
              (12 damage)
             ... on level 3 of the Dungeon.
             The game lasted 00:03:12 (2198 turns).

ezpacito the Trooper (Demonspawn Chaos Knight)      Turns: 2198, Time: 00:03:13

Health: -3/35      AC:  7    Str: 14      XL:     4   Next: 61%
Magic:  5/5        EV: 11    Int: 12 (13) God:    Xom [....*.]
Gold:   100        SH:  0    Dex: 11 (12) Spells: 5/5 levels left

rFire   + . .        a - +0 hand axe (chaos)
rCold   . . .        (no shield)
rNeg    . . .        b - +2 leather armour
rPois   +            (helmet restricted)
rElec   .            (no cloak)
rCorr   .            g - +0 pair of gloves
SInv    .            p - +0 pair of boots
Will    .....        (no amulet)
Stlth   +            (no ring)
HPRegen 0.25/turn    (no ring)
MPRegen 0.09/turn

%: random rage (3%)
@: no status effects
A: foul stench 1, beak, berserk 1, fire resistance 1, poison resistance
a: Renounce Religion


You were on level 3 of the Dungeon.
You worshipped Xom.
You were a beloved toy of Xom.
You visited 1 branch of the dungeon, and saw 3 of its levels.

You collected 100 gold pieces.

Inventory:

Hand Weapons
 a - a +0 hand axe of chaos (weapon)
Missiles
 q - 6 darts of dispersal (quivered)
Armour
 b - a +2 leather armour (worn)
 g - a +0 pair of gloves (worn)
 p - a +0 pair of boots (worn)
Jewellery
 o - a ring of resist corrosion
Wands
 m - a wand of mindburst (14)
Scrolls
 c - a scroll of butterflies
 e - a scroll of fear
 h - 2 scrolls of enchant weapon
 i - 2 scrolls of teleportation
 l - a scroll of enchant armour {unknown}
Potions
 d - a potion of brilliance
 f - a potion of curing {unknown}
 j - a potion of berserk rage {unknown}
 k - a potion of might {unknown}
 n - a potion of heal wounds {unknown}


   Skills:
 * Level 3.4 Fighting
 * Level 3.1 Axes
 * Level 2.1 Armour
 * Level 1.9 Dodging
 + Level 0.9 Stealth
 * Level 1.2 Unarmed Combat
 * Level 1.1 Spellcasting
 + Level 0.4 Evocations


You had 5 spell levels left.
You didn't know any spells.
Your spell library was empty.

Dungeon Overview and Level Annotations

Branches:
Dungeon (3/15)

Altars:


Innate Abilities, Weirdness & Mutations

You may rarely emit foul miasma when damaged in melee.
You have a beak for a mouth.
You sometimes lose your temper in combat.
Your flesh is heat resistant. (rF+)
Your system is resistant to poisons. (rPois)


Message History

You slash the endoplasm!
You kill the endoplasm!
Found a stone staircase leading down.
Found a scroll of enchant weapon.
You hit the orc.
The orc suddenly seems more resistant.
Your peck misses the orc.
The orc is severely wounded.
The orc hits you but does no damage.
You are electrocuted!
Search for what [Enter for "arm", or ? for help]? dart Unknown command.
You hit the orc.
You kill the orc!
An orc and an orc priest come into view.
The orc priest is wielding a +0 dagger of protection.
The orc priest shouts!
The orc moves out of view.
You see here a +0 hand axe of electrocution.
You see here 6 darts of dispersal.
q - 6 darts of dispersal The orc priest looks encouraged for a moment.
The hobgoblin misses you.
You hit the hobgoblin.
You kill the hobgoblin!
The orc priest invokes the aid of Beogh against you.
Pain shoots through your body!
You closely miss the orc priest.
The orc priest calls down the wrath of Beogh upon you.
Pain shoots through your body!
* * * LOW HITPOINT WARNING * * *
You hit the orc priest.
The orc priest is moderately wounded. "Time to have some fun!"
The orc priest's +0 dagger of protection dances into the air!
The orc priest hits you but does no damage.
The orc priest closely misses you.
The orc priest miscasts a cantrip.
Your +0 dagger of protection hits the orc priest.
The orc priest invokes the aid of Beogh against you.
Beogh smites you!
You die...

#...#### #......
#######...#.###.
.................
.........?......
.............?
#o..........
##(#)........
#.@....#.###
#......#.#
#......<.#
#......###
#......#
##.....>.
#..####.# #..# .#
..... .


You could see an orc priest (ally target) and a friendly +0 dagger of
protection.

Vanquished Creatures
  Terence (D:2)
  An adder (D:2)
  A ribbon worm (D:2)
  A dart slug (D:1)
  An orc (D:3)
  4 ball pythons
  5 endoplasms
  2 giant cockroaches (D:1)
  4 goblins (D:2)
  3 hobgoblins
  3 quokkas
  2 bats (D:2)
  5 frilled lizards
  3 kobolds
  4 rats
40 creatures vanquished.

Notes
Turn   | Place    | Note
-------+----------+-------------------------------------------
     0 | D:1      | ezpacito the Demonspawn Chaos Knight began the quest for
                  | the Orb.
     0 | D:1      | Reached XP level 1. HP: 18/18 MP: 1/1
    27 | D:1      | Reached skill level 1 in Dodging
   118 | D:1      | Gained mutation: You may rarely emit foul miasma when
                  | damaged in melee. [demonic ancestry]
   118 | D:1      | Reached XP level 2. HP: 24/24 MP: 2/2
   182 | D:1      | XOM: silly message
   427 | D:1      | XOM: silly message
   814 | D:2      | Reached XP level 3. HP: 28/29 MP: 2/4
   909 | D:2      | XOM: divination: detect items
  1141 | D:2      | XOM: 1-stop teleportation journey
  1209 | D:2      | XOM: give mutations
  1209 | D:2      | Gained mutation: Your flesh is heat resistant. (rF+) [Xom's
                  | mischief]
  1209 | D:2      | Gained mutation: You sometimes lose your temper in combat.
                  | [Xom's mischief]
  1209 | D:2      | Gained mutation: You have a beak for a mouth. [Xom's
                  | mischief]
  1209 | D:2      | Gained mutation: Your system is resistant to poisons.
                  | (rPois) [Xom's mischief]
  1213 | D:2      | Reached skill level 1 in Unarmed Combat
  1302 | D:2      | Noticed Terence
  1313 | D:2      | Killed Terence
  1314 | D:2      | Reached skill level 1 in Spellcasting
  1314 | D:2      | Reached XP level 4. HP: 23/35 MP: 5/5
  1409 | D:2      | XOM: stat loss: -1 Dex (11/12)
  1527 | D:2      | XOM: stat loss: -1 Int (12/13)
  2003 | D:2      | Found a faded altar of an unknown god.
  2198 | D:3      | Killed from afar by an orc priest

Illustrated notes

Levels and vault maps discovered:
D:1:      minmay_arrival_solitary_statue, layout_basic
D:2:      kennysheep_six_static_rooms, layout_basic,
          dilly_ecumenical_altar_fadedgnrine, uniq_terence
D:3:      layout_loops_cross, uniq_jessica

Skill      XL: |  1  2  3 |
---------------+----------+-----
Dodging        | 1 |  1.9
Armour         | 2 |  2.1
Axes           | 3 |  3.1
Unarmed Combat | 1 |  1.2
Spellcasting   | 1 |  1.1
Fighting       | |  3.4
Stealth        | |  0.9
Evocations     | |  0.4

Action                     |  1- 3 |  4- 6 || total
---------------------------+-------+-------++-------
  Melee: Hand axe          |    89 |    15 ||   104
         Peck              |     5 |       ||     5
    Use: Scroll            |     3 |     2 ||     5
   Stab: Sleeping          |     2 |       ||     2
         Confused          |     1 |       ||     1
         Petrified         |     1 |       ||     1
 Armour: Leather armour    |    41 |     4 ||    45
  Dodge: Dodged            |    41 |     3 ||    44

Table legend: (Time is in decaauts)
 A = Elapsed time spent in this place.
 B = Non-inter-level travel time spent in this place.
 C = Inter-level travel time spent in this place.
 D = Time resting spent in this place.
 E = Time spent auto-exploring this place.
 F = Levels seen in this place.
 G = Mean time per level.
                   A        B        C        D        E       F      G
               +--------+--------+--------+--------+--------+-----+--------+
         Total |   2240 |   2131 |    109 |      0 |   1820 |   3 |  746.7 |
       Dungeon |   2240 |   2131 |    109 |      0 |   1820 |   3 |  746.7 |
               +--------+--------+--------+--------+--------+-----+--------+

Top non-repeatable levels by time:
     D:2: 1534 daAuts
     D:1: 688 daAuts
     D:3: 17 daAuts
